 Dungeon Crawl Stone Soup version 0.28-a0-8-g6e044cfa68 (webtiles) character file.

Game seed: 4276669120588752382

410 lmSkywalker the Changer (level 6, -2/39 HPs)
             Began as an Octopode Transmuter on July 23, 2021.
             Was a Priest of Ru.
             Slain by a sky beast (6 damage)
             ... on level 5 of the Dungeon.
             The game lasted 00:29:54 (6266 turns).

lmSkywalker the Changer (Octopode Transmuter)       Turns: 6266, Time: 00:29:55

Health: -2/39      AC:  1    Str: 10    XL:     6   Next: 89%
Magic:  5/9        EV: 13    Int: 17    God:    Ru [***...]
Gold:   137        SH:  0    Dex: 12    Spells: 3/9 levels left

rFire   . . .      SeeInvis .     - Unarmed
rCold   . . .      Faith    .   (helmet restricted)
rNeg    . . .      Spirit   .   (no amulet)
rPois   .          Reflect  .   (no ring)
rElec   .          Harm     .   (no ring)
rCorr   .          Rampage  .   (no ring)
Will    .....                   (no ring)
Stlth   +++.......              (no ring)
HPRegen 0.13/turn               (no ring)
MPRegen 0.11/turn               (no ring)

@: no status effects
A: almost no armour, amphibious, 7 rings, camouflage 1, gelatinous body 1,
missing a hand, (nimble swimmer 1), tentacles
a: Renounce Religion, Draw Out Power


You were on level 5 of the Dungeon.
You worshipped Ru.
Ru was most pleased with you.
You visited 1 branch of the dungeon, and saw 5 of its levels.

You collected 212 gold pieces.
You spent 75 gold pieces at shops.

Inventory:

Missiles
 h - 18 poisoned darts (quivered)
Wands
 k - a wand of iceblast (9)
Scrolls
 a - a scroll of torment {unknown}
 b - a scroll of silence {unknown}
 c - a scroll of enchant weapon {unknown}
 d - 2 scrolls of teleportation
 e - a scroll of acquirement {unknown}
 g - a scroll of fear {unknown}
 l - 2 scrolls of blinking
 o - a scroll of fog {unknown}
 p - a scroll of enchant armour {unknown}
Potions
 f - 2 potions of ambrosia
 i - a potion of haste
 j - 2 potions of flight
 m - 2 potions of degeneration {unknown}
 n - 2 potions of curing {unknown}
 q - a potion of attraction {unknown}
 r - a potion of mutation {unknown}


   Skills:
 + Level 2.0 Fighting
 + Level 3.3 Dodging
 - Level 2.0 Stealth
 + Level 4.0 Unarmed Combat
 - Level 2.0 Spellcasting
 + Level 4.1 Transmutations
 + Level 3.8 Poison Magic


You had 3 spell levels left.
You knew the following spells:

 Your Spells              Type           Power      Damage    Failure   Level
a - Beastly Appendage     Tmut           30%        N/A       3%          1
b - Wereblood             Tmut           15%        N/A       5%          2
c - Spider Form           Tmut/Pois      7%         N/A       12%         3

Your spell library contained the following spells:

 Spells                   Type           Power      Damage    Failure   Level
 Freeze                   Ice            4%         1d3       19%         1
 Ice Form                 Ice/Tmut       8%         N/A       63%         4
 Fulminant Prism          Conj/Hex       0%         3d6       88%         4
 Iskenderun's Mystic Bla  Conj/Tloc      1%         2d3       88%         4
 Lee's Rapid Deconstruct  Erth           0%         3d5*      99%         5


Dungeon Overview and Level Annotations

Branches:
Dungeon (5/15)
 Temple: D:4-7

Altars:
Ru
The Shining One

Shops:
D:2 [   D:5 *


Innate Abilities, Weirdness & Mutations

You cannot wear most types of armour.
You are amphibious.
You can wear up to seven rings at the same time.
Your skin changes colour to match your surroundings (Stealth+).
Your rubbery body absorbs attacks. (AC +1, EV +1)
You are missing a hand.
((You are camouflaged near water. (Stealth+)))
You have tentacles for arms and can constrict up to seven enemies at once.


Message History

Found 9 stones.
r - a glowing silvery potion An adder and a sky beast come into view.
There are monsters nearby!
There are monsters nearby!
Casting: Spider Form (dangerous; 12% risk of failure)
Confirm with . or Enter, or press ? or * to list all spells.
You turn into a venomous arachnid creature.
Casting: Spider Form (quite dangerous; 28% risk of failure)
Confirm with . or Enter, or press ? or * to list all spells.
You miscast Wereblood.
You are very lightly contaminated with residual magic.
Nothing appears to happen.
You hit the sky beast but do no damage.
The adder hisses angrily.
The sky beast closely misses you.
You closely miss the sky beast. The sky beast hits you.
The sky beast shocks you.
You hit the sky beast.
The sky beast is lightly wounded.
The sky beast flickers out of sight!
Deactivating autopickup; reactivate with Ctrl-A.
Something hits you. Something shocks you.
You hit something but do no damage. You hit something.
A sky beast appears from thin air!
Reactivating autopickup.
The sky beast barely misses you.
You hit the adder but do no damage.
The adder is poisoned.
The adder bites you. The adder closely misses you. The sky beast hits you.
The sky beast shocks you.
* * * LOW HITPOINT WARNING * * *
Your magical contamination has completely faded away.
You hit the adder.
The adder looks as sick as possible!
The adder is lightly wounded.
Your transformation has ended.
The adder closely misses you.
The sky beast flickers out of sight!
Deactivating autopickup; reactivate with Ctrl-A.
Something hits you.
* * * LOW HITPOINT WARNING * * *
Something shocks you.
You die...

##....###.## ........(..#
### ... #...# #..# #..
#.##...###...# ##.##
#.......#...# ....
#...........# #..#
#####.......##.....
#..####...........# #.#
#...#...........@S#
#...#...[.......{.......#
<.................##....#
........<........## ....
.#................. ..#
.#..........(...... ##
...##.........##.#
...##.........#...
..###.........#


You could see an adder (extremely poisoned).

Vanquished Creatures
  2 scorpions (D:4)
  A gnoll shaman (D:5)
  A bullfrog skeleton (D:5)
  8 gnolls
  A howler monkey skeleton (D:4)
  6 adders
  5 worms
  2 dart slugs
  An orc (D:4)
  4 bats
  5 endoplasms
  2 giant cockroaches
  3 hobgoblins
  11 jackals
  3 quokkas
  9 ball pythons
  2 frilled lizards (D:3)
  10 goblins
  5 kobolds
  5 rats
  A butterfly (D:5)
87 creatures vanquished.

Vanquished Creatures (others)
  10 plants (D:3)
10 creatures vanquished.

Grand Total: 97 creatures vanquished

Notes
Turn   | Place    | Note
-------+----------+-------------------------------------------
     0 | D:1      | lmSkywalker the Octopode Transmuter began the quest for the
                  | Orb.
     0 | D:1      | Reached XP level 1. HP: 13/13 MP: 3/3
   402 | D:1      | Reached skill level 1 in Stealth
   402 | D:1      | Reached XP level 2. HP: 18/18 MP: 3/5
   477 | D:1      | Learned a level 2 spell: Wereblood
   589 | D:1      | Found a faded altar of an unknown god.
   596 | D:1      | Got Plato's Catalogue of Snow
  1269 | D:2      | Reached XP level 3. HP: 21/23 MP: 3/6
  1276 | D:1      | Learned a level 3 spell: Spider Form
  2169 | D:2      | Found Tusut's Antique Armour Shoppe.
  2726 | D:3      | Reached skill level 1 in Poison Magic
  2726 | D:3      | Reached XP level 4. HP: 24/28 MP: 5/7
  2928 | D:3      | Found a sacrificial altar of Ru.
  2943 | D:3      | Became a worshipper of Ru the Awakened
  3041 | D:3      | Found a glowing golden altar of the Shining One.
  3845 | D:3      | Reached XP level 5. HP: 27/33 MP: 1/8
  4596 | D:4      | Gained mutation: You are missing a hand. [Ru sacrifice]
  4596 | D:4      | Reached * piety under Ru
  4596 | D:4      | Reached ** piety under Ru
  4596 | D:4      | Reached *** piety under Ru
  4804 | D:4      | Reached XP level 6. HP: 38/38 MP: 5/9
  5513 | D:5      | Entered Level 5 of the Dungeon
  5514 | D:5      | Found Tatre's General Store.
  5813 | D:5      | Bought a scroll of blinking for 75 gold pieces
  5846 | D:5      | Noticed a necrophage
  6254 | D:5      | Noticed a sky beast
  6266 | D:5      | Slain by a sky beast

Illustrated notes

Levels and vault maps discovered:
D:1:      amcnicky_arrival_wind_blow, layout_loops_corners,
          shapermc_ecumenical_altar_rom_forum
D:2:      layout_basic, serial_shops, shop
D:3:      layout_rooms, tso_metal_star, nicolae_ru_awakened_eye,
          serial_bayou_pond_e, serial_bayou_pond_c
D:4:      layout_layer_cave
D:5:      layout_cave_pools, minmay_temple_entry_butterflies, serial_shops, shop

Skill      XL: |  1  2  3  4  5  6 |
---------------+-------------------+-----
Stealth        | 1 2 |  2.0
Poison Magic   | 1 2 3 |  3.8
Transmutations | 3 4 |  4.1
Dodging        | 3 |  3.3
Unarmed Combat | 4 |  4.0
Fighting       | 2 |  2.0
Spellcasting   | |  2.0

Action                   |  1- 3 |  4- 6 || total
-------------------------+-------+-------++-------
Melee: Unarmed           |   100 |   136 ||   236
       Kick              |    26 |    16 ||    42
       Constrict         |    26 |    18 ||    44
       Tentacles         |    13 |    12 ||    25
       Punch             |     2 |     2 ||     4
Throw: Dart              |     1 |       ||     1
 Cast: Beastly Appendage |    38 |    24 ||    62
       Wereblood         |     2 |     6 ||     8
       Spider Form       |       |    10 ||    10
Invok: Sacrifice a Hand  |       |     1 ||     1
  Use: Scroll            |       |     4 ||     4
 Stab: Sleeping          |     4 |     6 ||    10
Armor: Skin              |     8 |     6 ||    14
Dodge: Dodged            |    73 |   123 ||   196

Table legend: (Time is in decaauts)
 A = Elapsed time spent in this place.
 B = Non-inter-level travel time spent in this place.
 C = Inter-level travel time spent in this place.
 D = Time resting spent in this place.
 E = Time spent auto-exploring this place.
 F = Levels seen in this place.
 G = Mean time per level.
                   A        B        C        D        E       F      G
               +--------+--------+--------+--------+--------+-----+--------+
         Total |   6260 |   5914 |    346 |   1765 |   1581 |   5 | 1252.0 |
       Dungeon |   6260 |   5914 |    346 |   1765 |   1581 |   5 | 1252.0 |
               +--------+--------+--------+--------+--------+-----+--------+

Top non-repeatable levels by time:
     D:4: 2314 daAuts
     D:1: 1519 daAuts
     D:2: 1140 daAuts
     D:3: 915 daAuts
     D:5: 371 daAuts
